 Dungeon Crawl Stone Soup version 0.29-a0-477-g62b78b4225 (webtiles) character file.

Game seed: 8475671251443979144

18 hquester the Skirmisher (level 2, 0/24 HPs)
             Began as a Demonspawn Abyssal Knight on May 24, 2022.
             Was a Believer of Lugonu.
             Slain by a gnoll
             ... wielding a +0 spear
              (5 damage)
             ... on level 1 of the Dungeon.
             The game lasted 00:01:20 (486 turns).

hquester the Skirmisher (Demonspawn Abyssal Knight)  Turns: 486, Time: 00:01:21

Health: 0/24       AC:  3    Str: 13    XL:     2   Next: 51%
Magic:  4/4        EV:  8    Int: 17    God:    Lugonu [**....]
Gold:   10         SH:  0    Dex: 13    Spells: 1/1 levels left

rFire   . . .      SeeInvis .   a - +1 short sword
rCold   . . .      Faith    .   (no shield)
rNeg    . . .      Spirit   .   b - +0 leather armour
rPois   .          Reflect  .   (no helmet)
rElec   .          Harm     .   (no cloak)
rCorr   .          Rampage  .   (no gloves)
Will    .....                   (no boots)
Stlth   +.........              (no amulet)
HPRegen 0.08/turn               d - +6 ring of intelligence
MPRegen 0.09/turn               (no ring)

@: constricted
A: demonic magic 1
a: Renounce Religion, Depart the Abyss, Bend Space


You were on level 1 of the Dungeon.
You worshipped Lugonu.
Lugonu was pleased with you.
You visited 1 branch of the dungeon, and saw 1 of its levels.
You visited the Abyss 1 time.

You collected 10 gold pieces.

Inventory:

Hand Weapons
 a - a +1 short sword (weapon)
Armour
 b - a +0 leather armour (worn)
Jewellery
 d - a +6 ring of intelligence (left hand)
Scrolls
 c - a scroll of fog {unknown}
Potions
 e - a potion of might {unknown}
 f - a potion of mutation {unknown}


   Skills:
 + Level 3.2 Fighting
 + Level 2.0 Short Blades
 + Level 2.0 Armour
 + Level 1.2 Dodging
 + Level 2.8 Invocations


You had one spell level left.
You didn't know any spells.
Your spell library was empty.

Dungeon Overview and Level Annotations

Branches:
Dungeon (1/15)

Altars:


Innate Abilities, Weirdness & Mutations

Spells you cast may paralyse adjacent enemies.


Message History

The ball python grabs you. The ball python constricts you.
The gnoll shouts!
You hit the ball python.
You kill the ball python!
Lugonu accepts your kill. The jackal bites you. The jackal barely misses you.
You hit the jackal.
The jackal is moderately wounded.
An endoplasm comes into view.
The jackal bites you but does no damage.
You closely miss the jackal.
The jackal is moderately wounded.
The endoplasm quivers.
The jackal closely misses you. The jackal bites you.
You hit the jackal.
The jackal is severely wounded.
The ball python bites you but does no damage.
The ball python grabs you. The ball python constricts you.
The jackal barely misses you.
You closely miss the jackal.
The jackal is severely wounded.
The ball python bites you but does no damage.
The ball python constricts you. The jackal barely misses you.
The ball python bites you but does no damage.
The ball python constricts you.
You barely miss the jackal.
The jackal is severely wounded.
The jackal barely misses you. The ball python bites you.
The ball python constricts you.
The jackal bites you but does no damage.
You hit the jackal.
You kill the jackal!
Lugonu accepts your kill.
The gnoll hits you from afar with a +0 spear.
* * * LOW HITPOINT WARNING * * *
The ball python closely misses you. The ball python constricts you.
* * * LOW HITPOINT WARNING * * *
You barely miss the ball python.
The gnoll hits you from afar with a +0 spear.
You die...

.......>h......
...........h......
..............S....
#...................
....................
#...................
#..........!........
#........b###g.#....
#.........†@S.......
.........†#####...##
..........)......^# ##.
###.....###.......## .#.
......###....###...######...
#####.....>#.###.#.........#
####......##..........#
..........####........##
...#......>......†....##


You could see a gnoll, a bat and a ball python.

Vanquished Creatures
  A ball python (D:1)
  An endoplasm (D:1)
  2 goblins (D:1)
  8 jackals (D:1)
  A quokka (D:1)
  A bat (D:1)
  A rat (D:1)
15 creatures vanquished.

Notes
Turn   | Place    | Note
-------+----------+-------------------------------------------
     0 | Abyss:1  | hquester the Demonspawn Abyssal Knight began the quest for
                  | the Orb.
     0 | Abyss:1  | Reached XP level 1. HP: 18/18 MP: 2/2
     3 | Abyss:1  | Found a corrupted altar of Lugonu.
    20 | D:1      | Escaped the Abyss
    67 | D:1      | Reached skill level 1 in Dodging
   277 | D:1      | Gained mutation: Spells you cast may paralyse adjacent
                  | enemies. [demonic ancestry]
   277 | D:1      | Reached XP level 2. HP: 12/24 MP: 4/4
   486 | D:1      | Slain by a gnoll

Illustrated notes

Levels and vault maps discovered:
D:1:      lightli_arrival_statue_moat, layout_rooms,
          hellmonk_ecumenical_altar_run_dry

Skill      XL: |  1  2 |
---------------+-------+-----
Dodging        | 1 |  1.2
Short Blades   | 2 |  2.0
Armour         | 2 |  2.0
Fighting       | |  3.2
Invocations    | |  2.8

Action                   || total
-------------------------++-------
Melee: Short sword       ||    49
Armor: Leather armour    ||    19
Dodge: Dodged            ||    29

Table legend: (Time is in decaauts)
 A = Elapsed time spent in this place.
 B = Non-inter-level travel time spent in this place.
 C = Inter-level travel time spent in this place.
 D = Time resting spent in this place.
 E = Time spent auto-exploring this place.
 F = Levels seen in this place.
 G = Mean time per level.
                   A        B        C        D        E       F      G
               +--------+--------+--------+--------+--------+-----+--------+
         Total |    485 |    485 |      0 |    141 |    213 |   2 |  242.5 |
       Dungeon |    465 |    465 |      0 |    141 |    199 |   1 |  465.0 |
         Abyss |     20 |     20 |      0 |      0 |     14 |   1 |   20.0 |
               +--------+--------+--------+--------+--------+-----+--------+

Top non-repeatable levels by time:
     D:1: 465 daAuts
 Abyss:1: 20 daAuts
